 Dungeon Crawl Stone Soup version 0.31-a0-728-g01b46875f1 (webtiles) character file.

Game seed: 13514347866337241071

137 jlumianski the Covered (level 5, -1/33 HPs)
             Began as a Gargoyle Fighter on Sept 11, 2023.
             Slain by a gnoll
             ... wielding a +0 flail
              (2 damage)
             ... on level 4 of the Dungeon.
             The game lasted 00:11:43 (2539 turns).

jlumianski the Covered (Gargoyle Fighter)           Turns: 2539, Time: 00:11:44

Health: -1/33      AC: 13    Str: 21    XL:     5   Next: 20%
Magic:  5/5        EV:  8    Int:  9    God:
Gold:   143        SH:  4    Dex:  9    Spells: 4/4 levels left

rFire   . . .        a - +0 war axe
rCold   . . .        c - +0 buckler
rNeg    + . .        g - +0 chain mail
rPois   ∞            (no helmet)
rElec   +            (no cloak)
rCorr   +            (no gloves)
SInv    .            (no boots)
Will    .....        (no amulet) Stlth
                     r - ring of resist corrosion
HPRegen 0.25/turn    (no ring)
MPRegen 0.09/turn

%: no passive effects
@: no status effects
A: sickness immunity, AC +4, negative energy resistance 1, electricity
resistance, torment resistance 1, petrification resistance
a: no special abilities


You were on level 4 of the Dungeon.
You visited 1 branch of the dungeon, and saw 4 of its levels.

You collected 143 gold pieces.

Inventory:

Hand Weapons
 a - a +0 war axe (weapon)
 v - the +2 dagger "Josueg" {drain, Str+3}
   (You found it on level 2 of the Dungeon)

   Str+3:     It affects your strength (+3).
Missiles
 e - 39 stones
 n - 7 poisoned darts (quivered)
 s - 3 boomerangs
Armour
 b - a +0 scale mail
 c - a +0 buckler (worn)
 g - a +0 chain mail (worn)
 l - a +0 pair of gloves
Jewellery
 o - an amulet of faith
 r - a ring of resist corrosion (left hand)
Wands
 p - a wand of flame (6)
Scrolls
 h - a scroll of enchant armour {unknown}
 i - a scroll of enchant weapon {unknown}
 m - 3 scrolls of poison
Potions
 d - 3 potions of might
 f - 2 potions of curing {unknown}
 j - a potion of brilliance
 k - a potion of attraction
 q - a potion of enlightenment
 t - a potion of mutation
 u - a potion of cancellation {unknown}
 w - a potion of haste {unknown}


   Skills:
 * Level 4.1 Fighting
 + Level 3.4 Axes
 + Level 4.2 Armour
 + Level 3.6 Shields


You had 4 spell levels left.
You didn't know any spells.
Your spell library contained the following spells:

 Spells                   Type           Power      Damage    Failure   Level
 Ignite Poison            Fire/Tmut/Pois 0%         N/A       100%        3
 Sticky Flame             Conj/Fire      0%         2d3       100%        4
 Ignition                 Fire           0%         3d3       100%        8


Dungeon Overview and Level Annotations

Branches:
Dungeon (4/15)
 Temple: D:4-7

Altars:
Cheibriados
Sif Muna

Shops:
D:2 (


Innate Abilities, Weirdness & Mutations

You are immune to sickness and miasma.
Your stone body is resilient. (AC +4)
You are immune to poison.
You resist negative energy. (rN+)
You are resistant to electric shocks. (rElec)
You are resistant to unholy torment.
You are immune to petrification.


Message History

You are frozen.
You hit the endoplasm.
You kill the endoplasm!
You see here a +0 whip.
There is a stone staircase leading up here.
You see here a +0 dagger.
You see here a +0 dagger.
You see here a +0 dagger.
Done exploring.
You see here a +0 robe.
You see here a +0 club.
There is a stone staircase leading down here.
You climb downwards.
There is a stone staircase leading up here.
Found a stone staircase leading down.
A ball python comes into view.
You slash the ball python!
You kill the ball python!
You now have 143 gold pieces (gained 10).
Found a shiny silver ring.
The gnoll shouts!
The gnoll throws a throwing net.
You block the throwing net.
You see here a throwing net.
Found a pair of gloves.
The gnoll hits you with a +0 flail!
You barely miss the gnoll. The gnoll hits you with a +0 flail!
The gnoll hits you but does no damage.
You slash the gnoll!
The gnoll is severely wounded.
The gnoll hits you but does no damage.
A gnoll comes into view. It is wielding a +0 halberd.
The gnoll shouts!
You hit the gnoll but do no damage.
The gnoll is severely wounded.
The gnoll hits you from afar with a +0 halberd!
* * * LOW HITPOINT WARNING * * *
The gnoll hits you with a +0 flail!
* * * LOW HITPOINT WARNING * * *
You block the gnoll's attack. The gnoll hits you with a +0 flail.
You die...

##. .##.[.. =#.#..# ##..#
..##.... ....... #....
...##... ....... ###..g
#...##... .......
#.....#......... .......
#.........#..#.#####.......
#<....##...............
##g...##.#..##.(.......
....# .##@##..........
###......g#..........>
#..#.##g............
#.#............##
...............# ###
...##.#.......#
....#.....#.....#.##
.....#..##..#.......#
.......##.##.##....#


You could see 2 gnolls.

Vanquished Creatures
  Ijyb (D:3)
  A gnoll (D:3)
  2 worms
  5 dart slugs
  An orc (D:3)
  12 endoplasms
  2 giant cockroaches
  5 goblins
  5 hobgoblins
  8 jackals
  7 ball pythons
  7 bats
  4 frilled lizards
  11 kobolds
  6 rats
77 creatures vanquished.

Notes
Turn   | Place    | Note
-------+----------+-------------------------------------------
     0 | D:1      | jlumianski the Gargoyle Fighter began the quest for the
                  | Orb.
     0 | D:1      | Reached XP level 1. HP: 14/14 MP: 1/1
   130 | D:1      | Reached XP level 2. HP: 19/19 MP: 2/2
   353 | D:1      | Found a faded altar of an unknown god.
   480 | D:1      | Reached XP level 3. HP: 23/23 MP: 3/3
  1143 | D:3      | Found a shimmering blue altar of Sif Muna.
  1153 | D:3      | Noticed Ijyb
  1166 | D:3      | Killed Ijyb
  1167 | D:3      | Reached XP level 4. HP: 12/29 MP: 4/4
  1424 | D:2      | Found Xuelamom's Antique Weapon Emporium.
  1675 | D:2      | Identified the +2 dagger "Josueg" {drain, Str+3}
  1904 | D:2      | Found a snail-covered altar of Cheibriados.
  1969 | D:2      | Reached XP level 5. HP: 33/33 MP: 5/5
  2539 | D:4      | HP: 1/33 [gnoll/+0 flail (8)]
  2539 | D:4      | Slain by a gnoll

Illustrated notes

Levels and vault maps discovered:
D:1:      elethiomel_arrival_quiet, layout_basic,
          ebering_ecumenical_altar_ruins, minivault_24
D:2:      layout_basic, serial_shops, shop, basic_altar, item_on_display_a
D:3:      layout_loops_cross, mainiacjoe_overflow_concentric_impassable,
          uniq_ijyb
D:4:      layout_cave_pools, mainiacjoe_overflow_chevrons, grunt_qazlal_clouds,
          kennysheep_generic_room_7

Skill      XL: |  1  2  3  4 |
---------------+-------------+-----
Axes           | 2 3 |  3.4
Armour         | 4 |  4.2
Fighting       | 4 |  4.1
Shields        | |  3.6

Action                     |  1- 3 |  4- 6 || total
---------------------------+-------+-------++-------
  Melee: War axe           |   122 |   103 ||   225
    Use: Scroll            |       |     5 ||     5
 Armour: Scale mail        |    38 |       ||    38
         Chain mail        |    58 |    80 ||   138
  Dodge: Dodged            |    46 |    42 ||    88
  Block: Buckler           |    22 |    23 ||    45

Table legend: (Time is in decaauts)
 A = Elapsed time spent in this place.
 B = Non-inter-level travel time spent in this place.
 C = Inter-level travel time spent in this place.
 D = Time resting spent in this place.
 E = Time spent auto-exploring this place.
 F = Levels seen in this place.
 G = Mean time per level.
                   A        B        C        D        E       F      G
               +--------+--------+--------+--------+--------+-----+--------+
         Total |   2634 |   2555 |     79 |     15 |   1352 |   4 |  658.5 |
       Dungeon |   2634 |   2555 |     79 |     15 |   1352 |   4 |  658.5 |
               +--------+--------+--------+--------+--------+-----+--------+

Top non-repeatable levels by time:
     D:2: 989 daAuts
     D:1: 799 daAuts
     D:3: 767 daAuts
     D:4: 77 daAuts
